 Dungeon Crawl Stone Soup version 0.27-a0-1597-ge58577e147 (webtiles) character file.

Game seed: 5889627269060647105

2242 Mitsuki the Destroyer (level 9, 0/45 HPs)
             Began as a Deep Elf Conjurer on July 21, 2021.
             Slain by a four-headed hydra (7 damage)
             ... on level 5 of the Dungeon.
             The game lasted 00:13:49 (6027 turns).

Mitsuki the Destroyer (Deep Elf Conjurer)           Turns: 6027, Time: 00:13:49

Health: 0/45       AC:  4    Str:  4    XL:     9   Next: 14%
Magic:  15/24      EV: 12    Int: 27    God:
Gold:   201        SH:  0    Dex: 13    Spells: 21/26 levels left

rFire    . . .     SeeInvis .   o - +2 dagger of Facwen {vorpal, +Rage}
rCold    . . .     Faith    .   (no shield)
rNeg     . . .     Spirit   .   a - +0 robe
rPois    .         Reflect  .   k - +2 hat
rElec    .         Harm     .   (no cloak)
rCorr    .         Rampage  .   (no gloves)
Will     .....                  (no boots)
Stlth    ++........             (no amulet)
HPRegen  0.15/turn              (no ring)
MPRegen  0.19/turn              (no ring)

@: no status effects
A: no striking features
a: Evoke Berserk Rage


You were on level 5 of the Dungeon.
You visited 1 branch of the dungeon, and saw 6 of its levels.

You collected 201 gold pieces.

Inventory:

Hand Weapons
 o - the +2 dagger of Facwen (weapon) {vorpal, +Rage}
   (You found it on level 4 of the Dungeon)

   It inflicts extra damage upon your enemies.
   +Rage:     It lets you go berserk.
Missiles
 n - 6 atropa-tipped darts
Armour
 a - a +0 robe (worn)
 k - a +2 hat (worn)
Scrolls
 e - 2 scrolls of blinking {unknown}
 j - 2 scrolls of immolation {unknown}
Potions
 b - 2 potions of curing {unknown}
 f - a potion of mutation {unknown}
 g - a potion of attraction {unknown}
 i - 2 potions of haste
 l - a potion of magic {unknown}
 m - a potion of resistance {unknown}
 p - a potion of degeneration {unknown}
 r - a potion of lignification {unknown}


   Skills:
 - Level 2.4 Dodging
 - Level 2.4 Stealth
 + Level 9.2 Spellcasting
 * Level 11.1 Conjurations
 - Level 3.9 Translocations


You had 21 spell levels left.
You knew the following spells:

 Your Spells              Type           Power      Damage    Failure   Level
a - Magic Dart            Conj           100%       1d8       1%          1
b - Searing Ray           Conj           100%       3d7       1%          2
c - Blink                 Tloc           N/A        N/A       1%          2

Your spell library contained the following spells:

 Spells                   Type           Power      Damage    Failure   Level
 Shock                    Conj/Air       100%       1d9       1%          1
 Dazzling Flash           Conj/Hex       84%        N/A       1%          3
 Iskenderun's Mystic Bla  Conj/Tloc      52%        2d11      1%          4
 Lesser Beckoning         Tloc           16%        N/A       2%          3
 Corona                   Hex            13%        N/A       4%          1
 Pain                     Necr           48%        1d6       4%          1
 Fulminant Prism          Conj/Hex       21%        3d13      4%          4
 Ensorcelled Hibernation  Hex/Ice        24%        N/A       7%          2
 Swiftness                Air            12%        N/A       14%         3
 Tukima's Dance           Hex            12%        N/A       14%         3
 Manifold Assault         Tloc           33%        N/A       26%         5
 Airstrike                Air            6%         N/A       43%         4
 Agony                    Necr           12%        N/A       78%         5
 Excruciating Wounds      Necr           6%         N/A       78%         5


Dungeon Overview and Level Annotations

Branches:
Dungeon (6/15)
 Temple: D:4-7

Altars:
Cheibriados


Message History

You now have 20/24 mp.
The four-headed hydra bites you!
The four-headed hydra bites you but does no damage.
The four-headed hydra closely misses you.
The four-headed hydra bites you.
You climb upwards.
There is a stone staircase leading down here.
You take 17 damage, and have 28/45 hp.
MASSIVE DAMAGE!!
Casting: Searing Ray (safe; 1% risk of failure)
Confirm with . or Enter, or press ? or * to list all spells.
You blink.
You now have 19/24 mp.
Casting: Blink (safe; 1% risk of failure)
Confirm with . or Enter, or press ? or * to list all spells.
You blink.
You now have 19/24 mp.
Casting: Blink (safe; 1% risk of failure)
Confirm with . or Enter, or press ? or * to list all spells.
Aiming: Searing Ray (safe; 1% risk of failure)
Press: ? - help, Shift-Dir - straight line, f - four-headed hydra
Aim: a four-headed hydra (translocational energy, lightly wounded, 94% to hit)
The searing ray hits the four-headed hydra!
The four-headed hydra is moderately wounded. (Press . to maintain the ray.)
You now have 17/24 mp.
The searing ray hits the four-headed hydra!
The four-headed hydra is heavily wounded.
The searing ray hits the four-headed hydra.
The four-headed hydra is heavily wounded.
The four-headed hydra bites you.
The four-headed hydra bites you but does no damage.
The four-headed hydra bites you! The four-headed hydra misses you.
You take 10 damage, and have 20/45 hp.
MASSIVE DAMAGE!!
You now have 16/24 mp.
The searing ray hits the four-headed hydra!
The four-headed hydra is severely wounded.
You finish channeling your searing ray.
The four-headed hydra bites you. The four-headed hydra bites you!
* * * LOW HITPOINT WARNING * * *
The four-headed hydra bites you!
You die...

..............# #.###.#
##.##...#####.# #.# #.#
##.###.## #.# #.###.#
#...#...#####.###.....#
......#........####.###
#...#...####...# #.#
##.###.#####.#.####.#
##.# #.###...#...##.#
...# #.....#####@##.#
#### #####...#..D...#
############.#.#.#####
........#..........D.#
#######.#.##.#.#.###.#
# #.#.##.....# #.# #
#.#.####.### #.#
#.#......# #.#
#.#......# #.#


You could see a four-headed hydra.

Vanquished Creatures
  2 two-headed ogres
  An ogre (D:4)
  2 phantoms
  A bullfrog (D:6)
  2 scorpions (D:5)
  2 howler monkeys
  2 hounds (D:4)
  A jelly (D:5)
  A centaur skeleton (D:6)
  An iron imp (D:4)
  Jessica (D:2)
  5 iguanas
  An orc wizard (D:5)
  A howler monkey zombie (D:5)
  9 adders
  A worm (D:3)
  A dart slug (D:3)
  11 orcs
  2 endoplasms
  3 giant cockroaches
  11 goblins
  7 hobgoblins
  11 jackals
  9 kobolds
  7 ball pythons
  3 bats
  2 frilled lizards
  7 rats
107 creatures vanquished.

Vanquished Creatures (others)
  A fungus (D:2)
  2 plants (D:2)
3 creatures vanquished.

Grand Total: 110 creatures vanquished

Notes
Turn   | Place    | Note
-------+----------+-------------------------------------------
     0 | D:1      | Mitsuki the Deep Elf Conjurer began the quest for the Orb.
     0 | D:1      | Reached XP level 1. HP: 10/10 MP: 6/6
   245 | D:1      | Reached XP level 2. HP: 15/15 MP: 4/8
   248 | D:1      | Learned a level 2 spell: Searing Ray
   404 | D:1      | Reached skill level 5 in Conjurations
   999 | D:2      | Reached XP level 3. HP: 19/19 MP: 8/10
  1146 | D:2      | Found a faded altar of an unknown god.
  1165 | D:2      | Got Plato's Guide on Bewitchment
  1186 | D:2      | Noticed Jessica
  1197 | D:2      | Killed Jessica
  1352 | D:2      | Reached XP level 4. HP: 24/24 MP: 4/12
  2354 | D:3      | Reached skill level 6 in Conjurations
  2927 | D:3      | Reached XP level 5. HP: 28/28 MP: 8/14
  3243 | D:4      | Reached skill level 5 in Spellcasting
  3336 | D:4      | Noticed a phantom
  3356 | D:4      | Killed a phantom
  3357 | D:4      | Reached skill level 7 in Conjurations
  3357 | D:4      | Reached XP level 6. HP: 32/32 MP: 10/16
  3414 | D:4      | Identified the +2 dagger of Facwen {vorpal, +Rage}
  3493 | D:4      | HP: 1/32 [ogre (29)]
  3834 | D:4      | Learned a level 2 spell: Blink
  4237 | D:4      | Reached skill level 1 in Translocations
  4327 | D:4      | Found a snail-covered altar of Cheibriados.
  4461 | D:5      | Entered Level 5 of the Dungeon
  4562 | D:5      | Reached XP level 7. HP: 24/36 MP: 12/18
  4762 | D:5      | Reached skill level 8 in Conjurations
  4855 | D:5      | Noticed a two-headed ogre
  4871 | D:5      | Killed a two-headed ogre
  4872 | D:5      | Reached skill level 9 in Conjurations
  4872 | D:5      | Reached XP level 8. HP: 19/41 MP: 6/21
  5782 | D:6      | Reached skill level 10 in Conjurations
  5785 | D:6      | Noticed a two-headed ogre
  5794 | D:6      | Killed a two-headed ogre
  5795 | D:6      | Reached skill level 11 in Conjurations
  5795 | D:6      | Reached XP level 9. HP: 45/45 MP: 9/24
  5980 | D:6      | Noticed a four-headed hydra
  6027 | D:5      | Slain by a four-headed hydra

Illustrated notes

Levels and vault maps discovered:
D:1:      ebering_trefoil_twist, layout_basic
D:2:      layout_loops_ring, shapermc_ecumenical_altar_rom_forum, uniq_jessica
D:3:      minmay_inner_zag, layout_rooms, st_stairs_4
D:4:      minmay_spotlight, layout_cave_pools, slow_altar_2, patterned_corridor
D:5:      layout_loops_ring
D:6:      kennysheep_spiral_hall, layout_basic, lemuel_coloured_pillars_altar,
          portal_sewer_entry_f, grunt_ministairs_8, roderic_serpentine_path

Skill      XL: |  1  2  3  4  5  6  7  8 |
---------------+-------------------------+-----
Conjurations   | 5 6 7 9 11 | 11.1
Spellcasting   | 4 5 6 7 9 |  9.2
Translocations | 1 3 |  3.9
Dodging        | |  2.4
Stealth        | |  2.4

Action                   |  1- 3 |  4- 6 |  7- 9 || total
-------------------------+-------+-------+-------++-------
Melee: Long sword        |    10 |     1 |       ||    11
       Dagger            |       |     2 |       ||     2
 Cast: Magic Dart        |    58 |   124 |    46 ||   228
       Searing Ray       |     1 |     6 |    12 ||    19
       Blink             |       |     1 |     4 ||     5
  Use: Scroll            |       |       |     4 ||     4
Armor: Robe              |     1 |     8 |     4 ||    13
Dodge: Dodged            |    18 |    20 |     8 ||    46
       Rpst.: Long sword |    10 |     6 |       ||    16

Table legend: (Time is in decaauts)
 A = Elapsed time spent in this place.
 B = Non-inter-level travel time spent in this place.
 C = Inter-level travel time spent in this place.
 D = Time resting spent in this place.
 E = Time spent auto-exploring this place.
 F = Levels seen in this place.
 G = Mean time per level.
                   A        B        C        D        E       F      G
               +--------+--------+--------+--------+--------+-----+--------+
         Total |   6037 |   5654 |    383 |    703 |   4322 |   6 | 1006.2 |
       Dungeon |   6037 |   5654 |    383 |    703 |   4322 |   6 | 1006.2 |
               +--------+--------+--------+--------+--------+-----+--------+

Top non-repeatable levels by time:
     D:5: 1465 daAuts
     D:4: 1381 daAuts
     D:3: 1092 daAuts
     D:2: 1050 daAuts
     D:1: 943 daAuts
     D:6: 103 daAuts
